 Dungeon Crawl Stone Soup version 0.22-a0-284-g99d1f7439c (webtiles) character file.

3500 Infinimo the Cleaver (level 10, -7/80 HPs)
             Began as a Hill Orc Fighter on Mar 21, 2018.
             Was an Elder of Cheibriados.
             Mangled by a seven-headed hydra (13 damage)
             ... on level 8 of the Dungeon.
             The game lasted 00:16:08 (8888 turns).

Infinimo the Cleaver (Hill Orc Fighter)             Turns: 8888, Time: 00:16:09

Health: -7/80      AC: 15    Str: 29    XL:     10   Next: 7%
Magic:  10/10      EV: 10    Int: 23    God:    Cheibriados [****..]
Gold:   432        SH: 11    Dex: 19    Spells: 6/9 levels left

rFire    . . .     SeeInvis +   t - +0 war axe (elec)
rCold    + + .     Gourm    .   c - +0 shield
rNeg     . . .     Faith    .   y - +4 scale mail "Dauk Wee" {+Inv rC++ MR+ SInv}
rPois    .         Spirit   .   q - +2 helmet {Int+3}
rElec    .         Reflect  .   (no cloak)
rCorr    .         Harm     .   r - +0 pair of gloves
MR       +....                  (no boots)
Stlth    ..........             p - amulet of magic regeneration
HPRegen  0.23/turn              g - +3 ring of evasion
MPRegen  0.37/turn              (no ring)

@: very slightly contaminated, very slow
A: no striking features
a: Bend Time, Temporal Distortion, Slouch, Renounce Religion, Evoke Invisibility


You were on level 8 of the Dungeon.
You worshipped Cheibriados.
Cheibriados was greatly pleased with you.
You were not hungry.

You visited 2 branches of the dungeon, and saw 9 of its levels.

You collected 432 gold pieces.

Inventory:

Hand Weapons
 t - a +0 war axe of electrocution (weapon)
Armour
 c - a +0 shield (worn)
 h - +0 steam dragon scales
 q - a +2 helmet of intelligence (worn)
 r - a +0 pair of gloves (worn)
 y - the +4 scale mail "Dauk Wee" (worn) {+Inv rC++ MR+ SInv}
   (You found it on level 8 of the Dungeon)

   It greatly protects you from cold.
   It affects your resistance to hostile enchantments.
   It lets you see invisible.
   It lets you turn invisible.
Magical Staves
 x - an uncursed staff of energy
Jewellery
 g - a +3 ring of evasion (left hand)
 p - an amulet of magic regeneration (around neck)
Wands
 d - a wand of clouds (5)
 o - a wand of iceblast (4)
Scrolls
 i - a scroll of amnesia
 k - 3 scrolls of remove curse
 l - 6 scrolls of identify
 n - 2 scrolls of enchant weapon
Potions
 e - a potion of ambrosia {unknown}
 j - 3 potions of cancellation
 m - a potion of agility
 s - 5 potions of mutation {unknown}
 u - a potion of flight {unknown}
 v - a potion of lignification {unknown}
 w - 2 potions of magic {unknown}
Comestibles
 f - 15 rations
 z - 5 chunks of flesh


   Skills:
 + Level 4.4 Fighting
 + Level 13.4 Axes
 + Level 4.0 Armour
 - Level 3.2 Shields
 - Level 6.3 Conjurations
 - Level 3.4 Air Magic
 - Level 3.2 Poison Magic


You had 6 spell levels left.
You knew the following spells:

 Your Spells              Type           Power        Failure   Level  Hunger
a - Mephitic Cloud        Conj/Pois/Air  ###.....     58%         3    ####...


Dungeon Overview and Level Annotations

Branches:
Dungeon (8/15)             Temple (1/1) D:7
   Lair: D:8-11

Altars:
Ashenzari
Cheibriados
Fedhas
Gozag
Hepliaklqana
Makhleb
Okawaru
Trog
Vehumet
Wu Jian
Xom
The Shining One


Message History

Aiming: Iceblast
Press: ? - help, Shift-Dir - straight line, p - seven-headed hydra The mass of ice explodes!
The iceblast engulfs the seven-headed hydra.
The seven-headed hydra is heavily wounded.
You block the seven-headed hydra's attack. x2
The seven-headed hydra bites you!
* * * LOW HITPOINT WARNING * * *
The seven-headed hydra bites you.
* * * LOW HITPOINT WARNING * * *
Unknown command.
Evoke which item? (* to show all) (? for menu, Esc to quit)
Aiming: Iceblast
Press: ? - help, Shift-Dir - straight line The mass of ice explodes!
The iceblast engulfs the seven-headed hydra.
The seven-headed hydra is severely wounded.
You block the seven-headed hydra's attack. x2
The seven-headed hydra bites you!
You die...

.$...... ....
.... ........
...... ....
........
....... ...
.o......
...... ..
.).o.... #...#
.# . ##....##
##...##.####..
#.)..
#.............
#.....
#.....@D......
#.....
#.....).......
#.............
#..%..........
##......##...#
######## ...#
... ..


You could see a seven-headed hydra.

Vanquished Creatures
  The ghost of Execuda the Cleaver, a novice MiGl of Yredelemnul (D:6)
  2 steam dragons (D:8)
  Menkaure (D:6)
  Duvessa (D:6)
  An orc warrior (D:8)
  3 ice beasts
  4 ogres
  2 phantoms
  A centaur (D:7)
  A bullfrog (D:8)
  Dowan (D:6)
  A scorpion (D:4)
  4 howler monkeys
  4 crimson imps
  A jelly (D:5)
  3 hounds
  3 orc priests (D:7)
  A centaur skeleton (D:4)
  2 bullfrog zombies (D:5)
  8 orc wizards
  2 iguanas
  6 worker ants
  3 hound zombies
  A hound skeleton (D:6)
  A howler monkey zombie (D:5)
  3 worker ant zombies (D:5)
  4 gnolls (D:5)
  A howler monkey skeleton (D:6)
  11 adders
  2 shadow imps
  2 oozes
  2 adder skeletons
  3 adder zombies (D:5)
  2 worms
  2 dart slugs
  3 leopard geckos
  15 orcs
  7 bats
  3 giant cockroaches
  6 goblins
  8 hobgoblins
  14 jackals
  12 kobolds
  3 quokkas
  3 ball pythons
  8 frilled lizards
  2 jackal skeletons
  A leopard gecko zombie (D:5)
  3 quokka skeletons
  3 rats
181 creatures vanquished.

Notes
Turn   | Place    | Note
-------+----------+-------------------------------------------
     0 | D:1      | Infinimo the Hill Orc Fighter began the quest for the Orb.
     0 | D:1      | Reached XP level 1. HP: 19/19 MP: 1/1
    33 | D:1      | Reached skill level 3 in Axes
    94 | D:1      | Reached XP level 2. HP: 23/26 MP: 2/2
   320 | D:1      | Reached skill level 4 in Axes
   864 | D:2      | Reached XP level 3. HP: 25/31 MP: 3/3
  1122 | D:2      | Reached skill level 5 in Axes
  1717 | D:3      | Reached XP level 4. HP: 36/39 MP: 4/4
  2070 | D:3      | Found a snail-covered altar of Cheibriados.
  2081 | D:3      | Reached skill level 6 in Axes
  2290 | D:3      | Became a worshipper of Cheibriados the Contemplative
  2368 | D:3      | Found an iron altar of Okawaru.
  2388 | D:3      | Reached XP level 5. HP: 45/45 MP: 5/5
  2582 | D:3      | Reached * piety under Cheibriados
  2890 | D:3      | Reached skill level 7 in Axes
  3707 | D:4      | Reached skill level 8 in Axes
  3707 | D:4      | Reached XP level 6. HP: 38/51 MP: 6/6
  3709 | D:4      | Reached ** piety under Cheibriados
  3836 | D:4      | Reached skill level 9 in Axes
  3844 | D:4      | Noticed a phantom
  3854 | D:4      | Killed a phantom
  4017 | D:4      | Reached XP level 7. HP: 57/57 MP: 7/7
  4117 | D:4      | Reached skill level 10 in Axes
  4573 | D:5      | Entered Level 5 of the Dungeon
  4645 | D:5      | Learned a level 3 spell: Mephitic Cloud
  4739 | D:5      | Reached skill level 11 in Axes
  4951 | D:5      | Reached XP level 8. HP: 60/64 MP: 8/8
  4995 | D:5      | Reached *** piety under Cheibriados
  5224 | D:5      | Reached skill level 12 in Axes
  5699 | D:6      | Noticed Menkaure
  5703 | D:6      | Killed Menkaure
  5703 | D:6      | Reached skill level 13 in Axes
  6016 | D:6      | Reached **** piety under Cheibriados
  6051 | D:6      | Found a glowing golden altar of the Shining One.
  6051 | D:6      | Found a radiant altar of Vehumet.
  6056 | D:6      | Found a faded altar of an unknown god.
  6058 | D:6      | Found a shimmering altar of Xom.
  6060 | D:6      | Found a shattered altar of Ashenzari.
  6146 | D:6      | Noticed Execuda's ghost (novice MiGl)
  6153 | D:6      | Noticed Duvessa
  6157 | D:6      | Noticed Dowan
  6484 | D:6      | Killed Execuda's ghost
  6484 | D:6      | Reached skill level 5 in Conjurations
  6484 | D:6      | Reached XP level 9. HP: 9/70 MP: 9/9
  6864 | D:6      | Killed Duvessa
  6868 | D:6      | Killed Dowan
  6944 | D:6      | Found a burning altar of Makhleb.
  6979 | D:6      | Found an opulent altar of Gozag.
  7257 | D:7      | Reached skill level 1 in Poison Magic
  7315 | D:7      | Reached skill level 1 in Air Magic
  7673 | D:7      | Found a staircase to the Ecumenical Temple.
  7710 | D:7      | Found a hazy altar of Hepliaklqana.
  7841 | Temple   | Entered the Ecumenical Temple
  8509 | D:8      | Noticed a seven-headed hydra
  8579 | D:8      | Got a smoking scale mail
  8590 | D:8      | Identified the +4 scale mail "Dauk Wee" {+Inv rC++ MR+ SInv} (You found it on level 8 of the Dungeon)
  8820 | D:8      | Reached XP level 10. HP: 64/78 MP: 10/10
  8888 | D:8      | Mangled by a seven-headed hydra

Vault maps used:
D:1:      lemuel_arrival_cross
D:3:      old_standard_altar, kennysheep_slug_shrine
D:4:      nicolae_ossuary_entry_false_entrances, minmay_misc_feat_encased,
          minmay_joined_circles
D:5:      first_ration, serial_undead, serial_undead_e, serial_undead_c,
          serial_undead_b, serial_undead_a, serial_undead_a
D:6:      nicolae_overflow_hidden_temple, chequers_temple_overflow_minitemple,
          makhleb_heckhound_becter, eino_tiny_chamber, uniq_menkaure,
          uniq_duvessa
D:7:      marbit_many_paths, minmay_temple_entry_hall
D:8:      cheibrodos_steamvent
Temple:   cyrus_circular_temple

Skill      XL: |  1  2  3  4  5  6  7  8  9 10 |
---------------+-------------------------------+-----
Axes           | 3 4 5 6 8 9 11 13 | 13.4
Conjurations   | 5 6 |  6.3
Poison Magic   | 3 |  3.2
Air Magic      | 3 |  3.4
Fighting       | 4 |  4.4
Armour         | 4 |  4.0
Shields        | |  3.2

Action                   |  1- 3 |  4- 6 |  7- 9 | 10-12 || total
-------------------------+-------+-------+-------+-------++-------
Melee: War axe           |   128 |   150 |   313 |    12 ||   603
Invok: Bend Time         |       |       |     1 |       ||     1
       Slouch            |       |       |       |     1 ||     1
 Abil: Evoke Invisibilit |       |       |       |     1 ||     1
Evoke: Wand              |       |       |       |     5 ||     5
  Use: Scroll            |     5 |     3 |     4 |     2 ||    14
       Potion            |       |     2 |     4 |       ||     6
  Eat: Chunk             |     2 |     6 |     8 |       ||    16
Armor: Scale mail        |    39 |       |     7 |    13 ||    59
       Ring mail         |     5 |    44 |    78 |       ||   127
Dodge: Dodged            |    55 |    67 |    86 |    19 ||   227
Block: Shield            |    76 |    85 |   122 |    19 ||   302

Table legend:
 A = Spawn XP
 B = Non-spawn XP
 C = Spawn XP percentage of total XP
 D = Spawn monster count
 E = Non-spawn monster count
 F = Spawn count percentage of total count
 G = Total turns spent on level
                    A         B        C        D         E        F      G
               +---------+---------+-------+---------+---------+-------+---------
         Total |       0 |    5000 |   0.0 |       0 |     181 |   0.0 |  8888
               +---------+---------+-------+---------+---------+-------+---------
           D:1 |       0 |      26 |   0.0 |       0 |      12 |   0.0 |   840
           D:2 |       0 |      54 |   0.0 |       0 |      24 |   0.0 |  1009
           D:3 |       0 |     121 |   0.0 |       0 |      30 |   0.0 |  1392
           D:4 |       0 |     747 |   0.0 |       0 |      28 |   0.0 |  1332
           D:5 |       0 |     652 |   0.0 |       0 |      32 |   0.0 |   980
           D:6 |       0 |    1628 |   0.0 |       0 |      19 |   0.0 |  1653
           D:7 |       0 |     759 |   0.0 |       0 |      22 |   0.0 |  1348
           D:8 |       0 |    1013 |   0.0 |       0 |      14 |   0.0 |   332
               +---------+---------+-------+---------+---------+-------+---------
